Cogmind - Beta 16.1 @@@ ROGUE MODE // 2026.04.11 @ 14:37:48 Player: Ace Result: Destroyed by NK-61I(j) with Overtuned Pulse Rifle Performance ------------- Evolutions (0) 0 Regions Visited (3) 600 Robots Destroyed (18) 90 Value Destroyed (671) 671 Prototype IDs (23) 460 Alien Tech Used (0) 0 Bonus (782) 782 TOTAL SCORE: 2603 Bonus ------- Registered with UFD 300 Met Optimus in HQ 500 Friendly Fire -18 Cogmind --------- Core Integrity 0/250 Matter 300/300 Energy 340/340 System Corruption 0% Temperature Warm (100) Movement Core (400) Ox7 Location -9/Scraptown Parts ------- > --- POWER (1) -------- Graviton Reactor > --- PROPULSION (2) --- (None) > --- UTILITY (2) ------ Makeshift Light Armor Plating > --- WEAPON (2) ------- Heavy Battle Rifle > --- INVENTORY (5) ---- Spectral Analyzer Peak State ------------ > --- POWER ------------ Graviton Reactor > --- PROPULSION ------- Overtuned Titanium Leg Overtuned Titanium Leg > --- UTILITY ---------- Scrap Suit > --- WEAPON ----------- Helical Railgun Helical Railgun > --- INVENTORY -------- Graviton Reactor Spectral Analyzer Experimental Power Shielding Heavy Battle Rifle Magnetic Acceleration Cannon [Rating: 44] Favorites ----------- Power Improved Deuterium Engine Engine Improved Deuterium Engine Reactor Graviton Reactor Propulsion Compact Wheel Treads Improved Treads Leg Overtuned Titanium Leg Wheel Compact Wheel Hover Unit Improved Hover Unit Utility Small Storage Unit Device Scrap Suit Storage Small Storage Unit Processor Advanced Signal Interpreter Protection Makeshift Light Armor Plating Weapon Grenade Launcher Energy Gun Riot Gun Energy Cannon Proton Cannon Ballistic Gun Helical Railgun Ballistic Cannon Magnetic Acceleration Cannon Launcher Grenade Launcher Special Weapon Junk Cannon Slashing Weapon Mining Claw Build | -11 -10 -10 -9 ------- Run | Yrd Mat Sub Scr Slots Evolved . | . . . . Power . | . . . . Propulsion . | . . . . Utility . | . . . . Weapon . | . . . . Parts Attached 48 | 7 4 1 36 Power 5 | 1 . . 4 Engine 3 | 1 . . 2 Core . | . . . . Reactor 2 | . . . 2 Propulsion 13 | 2 . . 11 Treads 3 | . . . 3 Leg 6 | . . . 6 Wheel 3 | 2 . . 1 Hover 1 | . . . 1 Flight . | . . . . Utility 16 | 2 . . 14 Device 8 | 1 . . 7 Storage 2 | 1 . . 1 Processor 4 | . . . 4 Hackware . | . . . . Protection 2 | . . . 2 Artifact . | . . . . Weapon 14 | 2 4 1 7 Energy Gun 3 | 2 . 1 . Energy Cannon 1 | . . . 1 Ballistic Gun 4 | . . . 4 Ballistic Cannon 1 | . . . 1 Launcher 3 | . 3 . . Special Weapon 1 | . . . 1 Impact Weapon . | . . . . Slashing Weapon 1 | . 1 . . Piercing Weapon . | . . . . Special Melee Weapon . | . . . . Unidentified Prototypes 5 | . . . 5 Parts Lost 7 | . . . 7 Power 1 | . . . 1 Propulsion 2 | . . . 2 Utility 1 | . . . 1 Weapon 3 | . . . 3 Highest Loss Streak 7 | . . . 7 To Critical Strikes . | . . . . Average Backups 6 | 1 7 8 6 Power . | . 1 1 . Propulsion . | . 1 1 . Utility 2 | . . 2 2 Weapon 2 | . 3 3 1 Tool/Special . | . . . . Unused Backups 12 | . . 1 11 Power 2 | . . . 2 Propulsion 2 | . . 1 1 Utility 5 | . . . 5 Weapon 3 | . . . 3 Tool/Special . | . . . . Average Slot Usage (%) 89 | . 100 100 85 Engine 10 | . 14 14 9 Reactor 3 | . . . 4 Leg 9 | . . . 13 Wheel 16 | . 28 28 13 Device 10 | . 14 14 9 Storage 7 | . 14 14 5 Processor 3 | . . . 4 Energy Gun 3 | . 2 11 3 Energy Cannon 1 | . . . 2 Ballistic Gun 5 | . . . 7 Ballistic Cannon 3 | . . . 4 Launcher 6 | . 24 16 1 Special Weapon 3 | . . . 4 Peak Build Rating 44 | 7 8 10 44 Average Rating 23 | 5 7 9 29 On Entrance 6 | . 7 8 10 Avg Prop Armor Cover (%) 5 | . . . 5 Naked Turns . | . . . . Heaviest Build 33 | 15 17 17 33 Greatest Support 46 | 32 32 32 46 Greatest Overweight (x) 10 | . . . 10 Average Overweight (x) . | . . . . Largest Inventory Capacity 20 | 8 8 8 20 Average Capacity 6 | 7 8 8 6 Most Carried 8 | 3 8 8 8 Average Carried 6 | 1 7 7 6 Final Capacity 8 | 8 8 8 5 Final Carried 8 | 2 8 8 1 Scrap Suit Usage (%) 39 | . . . 53 Parts Cannibalized 4 | . . . 4 Class Distribution -------------------- 56% | Mutant 21% | Scrapper 20% | Scavenger-Scrapper Dominant Class ---------------- Mutant | -10/Materials Mutant | -10/Subcaves Mutant | -9/Scraptown Resources | -11 -10 -10 -9 ----------- Run | Yrd Mat Sub Scr Matter Collected 1210 | 85 28 130 967 Remotely . | . . . . Salvage Created 834 | 15 97 . 722 Parts 35 | 4 12 . 19 Haulers Intercepted 1 | . 1 . . Recyclers Shooed . | . . . . Parts Field Recycled . | . . . . Retrieved Matter . | . . . . Parts Self-Destructed 9 | . . 8 1 Prevented 1 | . . . 1 Parts Restored . | . . . . Kills | -11 -10 -10 -9 ------- Run | Yrd Mat Sub Scr Combat Hostiles Destroyed 13 | . 2 . 11 Guns 9 | . . . 9 Cannons 2 | . . . 2 AOE 2 | . 2 . . Classes Destroyed 9 | 1 4 . 4 Worker 1 | . 1 . . Tunneler 1 | 1 . . . Hauler 1 | . 1 . . Watcher 2 | . 2 . . Grunt 2 | . 2 . . Explorer 1 | . . . 1 Ranger 1 | . . . 1 Scrapper 7 | . . . 7 Mutant 2 | . . . 2 Best Kill Streak 3 | 1 3 . 2 Combat Bots Only 2 | . 2 . 2 Max Kills in Single Turn 2 | 1 2 . 1 Gunslinging . | . . . . Exploded 2 | . 2 . . Melee . | . . . . Uniques/NPCs Destroyed . | . . . . Combat | -11 -10 -10 -9 -------- Run | Yrd Mat Sub Scr Hostile Shots Fired 149 | . 7 . 142 Missed 46 | . 3 . 43 Hits 103 | . 4 . 99 Projectile 103 | . 4 . 99 Critical Strikes 3 | . . . 3 Damage Taken 1675 | . 53 . 1622 Core 252 | . . . 252 Absorbed by Shields . | . . . . Redirected to Shielding 70 | . . . 70 Regen/Repaired (Parts) 23 | . . . 23 Core Remaining (%) 100 | 100 . . . Volleys Fired 42 | 3 5 . 34 Largest 2 | 2 2 . 2 Hottest 90 | 90 60 . 77 Shots Fired 79 | 6 10 . 63 Gun 64 | 6 . . 58 Cannon 1 | . . . 1 Launcher 10 | . 10 . . Special 4 | . . . 4 Kinetic 59 | . . . 59 Thermal 3 | 3 . . . Explosive 10 | . 10 . . Electromagnetic 3 | 3 . . . Impact 4 | . . . 4 Robot Hit Streak 10 | 2 . . 10 Robot Miss Streak 5 | 3 . . 5 Penetration Max 1 | . . . 1 Secondary Targets 2 | . . . 2 Max Gunslinging Chain 1 | . . . 1 Shots Hit Robots 43 | 3 . . 40 Core Hits 21 | 1 6 . 14 Critical Kills . | . . . . Critical Parts Destroyed . | . . . . Critical Strikes 1 | 1 . . . Burn 1 | 1 . . . Melee Attacks 5 | . 5 . . Impact . | . . . . Slashing 5 | . 5 . . Piercing . | . . . . Sneak Attacks . | . . . . Combat Hostiles . | . . . . Follow-up Attacks . | . . . . Damage Inflicted 1674 | 37 323 . 1314 Guns 1093 | 37 . . 1056 Cannons 35 | . . . 35 Explosions 321 | . 321 . . Melee . | . . . . Ramming 2 | . 2 . . Kinetic 1091 | . . . 1091 Thermal 25 | 25 . . . Explosive 321 | . 321 . . Electromagnetic 12 | 12 . . . Impact 223 | . . . 223 Slashing . | . . . . Piercing . | . . . . Highest Corruption . | . . . . Average Corruption . | . . . . Corruption Purged . | . . . . Corruption Blocked . | . . . . Overload Shots . | . . . . Overflow Damage 81 | . 54 . 27 Projectiles 27 | . . . 27 Explosions 54 | . 54 . . Melee . | . . . . Knockbacks 1 | . . . 1 Impact 1 | . . . 1 Kinetic . | . . . . Secondary . | . . . . Self-Inflicted Damage 1 | . 1 . . Shots . | . . . . Rammed 2 | 1 1 . . Targets Rammed 2 | 1 1 . . Kicked . | . . . . Crushed . | . . . . Highest Temperature 147 | 30 6 . 147 Average Temperature 42 | 17 6 . 45 Received Heat Transfer 765 | . 30 . 735 Siege Activations . | . . . . Martial Activations . | . . . . Shielding Activations . | . . . . Robots Disrupted . | . . . . Combat Hostiles . | . . . . Robots Corrupted . | . . . . Combat Hostiles . | . . . . Parts Fried 1 | . . . 1 Impact Corruptions 1 | . . . 1 Robots Melted . | . . . . Combat Hostiles . | . . . . Parts Melted 5 | . . . 5 Heat Transferred 148 | 148 . . . Parts Sabotaged . | . . . . Parts Stolen . | . . . . Parts Stripped . | . . . . Power Chain Reactions . | . . . . Alert | -11 -10 -10 -9 ------- Run | Yrd Mat Sub Scr Maximum Alert Level . | . . . . Low Security (%) 100 | 100 100 . . Level 1 . | . . . . Level 2 . | . . . . Level 3 . | . . . . Level 4 . | . . . . Level 5 . | . . . . High Security . | . . . . Max Security . | . . . . Peak Influence 73 | 5 73 . . Initial . | . . . . Average 9 | . 11 . . Influence Increases 149 | 5 144 . . Destroy 0b10 Robot/C 40 | . 40 . . Destroy 0b10 Robot/NC 25 | 5 20 . . Destroy Leader 16 | . 16 . . Successful Hack 8 | . 8 . . Disable Machine 30 | . 30 . . Destroy Structure 30 | . 30 . . Influence Decreases 149 | 5 136 8 . Entered New Map 4 | . . 4 . Time Decay 92 | 5 83 4 . Purge Threat 53 | . 53 . . Squads Dispatched 2 | . 2 . . Investigation 1 | . 1 . . Extermination . | . . . . Reinforcement 1 | . 1 . . Assault . | . . . . Garrison . | . . . . Intercept . | . . . . Searches Triggered . | . . . . Construction Impeded . | . . . . Haulers Reinforced . | . . . . Active Scanning Responses . | . . . . Cargo Convoy Interrupts . | . . . . Stealth | -11 -10 -10 -9 --------- Run | Yrd Mat Sub Scr Distress Signals 2 | . 2 . . Communications Jammed . | . . . . Distress Signals . | . . . . Times Spotted 56 | . 7 . 49 Peak Tracking Total 8 | . 3 . 8 Tactical Retreats . | . . . . Traps | -11 -10 -10 -9 ------- Run | Yrd Mat Sub Scr Traps Triggered . | . . . . Indirectly . | . . . . Trap Hack Attempts . | . . . . Triggered . | . . . . Disarmed . | . . . . Reprogrammed . | . . . . Reused . | . . . . Traps Extracted . | . . . . Installed . | . . . . Triggered . | . . . . Machines | -11 -10 -10 -9 ---------- Run | Yrd Mat Sub Scr Machines Disabled 4 | . 2 . 2 Max in Single Turn 1 | . 1 . 1 Machines Repaired . | . . . . Machines Dismantled . | . . . . Machines Sabotaged . | . . . . Overloaded Fab Kills . | . . . . Hacking | -11 -10 -10 -9 --------- Run | Yrd Mat Sub Scr Machines Accessed 11 | . 6 . 5 Terminals 5 | . 5 . . Fabricators . | . . . . Repair Stations . | . . . . Recycling Units 1 | . 1 . . Scanalyzers . | . . . . Garrison Access . | . . . . Total Hacks 49 | . 19 . 30 Successful 38 | . 8 . 30 Failed 11 | . 11 . . Catastrophic 2 | . 2 . . Database Lockouts . | . . . . Manual 15 | . 15 . . Terminals 17 | . 17 . . Fabricators . | . . . . Repair Stations . | . . . . Recycling Units 2 | . 2 . . Scanalyzers . | . . . . Garrison Access . | . . . . Terminal Hacks 37 | . 7 . 30 Record 25 | . . . 25 Robot Analysis 4 | . . . 4 Prototype ID Bank 3 | . 3 . . Emergency Access Points 1 | . 1 . . Terminal Index 1 | . 1 . . Scanalyzer Index 1 | . 1 . . Unreport Threat 1 | . 1 . . Proto ID Catalog 1 | . . . 1 Fabricator Hacks . | . . . . Repair Station Hacks . | . . . . Recycling Unit Hacks 1 | . 1 . . Report Inventory 1 | . 1 . . Scanalyzer . | . . . . Garrison Access Hacks . | . . . . Unauthorized Hacks . | . . . . Terminals . | . . . . Fabricators . | . . . . Repair Stations . | . . . . Recycling Units . | . . . . Scanalyzers . | . . . . Garrison Access . | . . . . Data Cores Recovered . | . . . . Used . | . . . . Hacking Detections 6 | . 6 . . Full Trace Events . | . . . . Feedback Events . | . . . . Feedback Blocked . | . . . . Robot Schematics Acquired . | . . . . Robots Built . | . . . . Authchips . | . . . . Time . | . . . . Total Robot Build Rating . | . . . . Part Schematics Acquired . | . . . . Parts Built . | . . . . Authchips . | . . . . Time . | . . . . Total Part Build Rating . | . . . . Part Studies Acquired . | . . . . Parts Repaired . | . . . . Time . | . . . . Parts Recycled . | . . . . Recycled Matter . | . . . . Retrieved Matter . | . . . . Retrieved Components . | . . . . Parts Scanalyzed . | . . . . Part Schematics Acquired . | . . . . Parts Damaged . | . . . . Bothacking | -11 -10 -10 -9 ------------ Run | Yrd Mat Sub Scr Used RIF Installer . | . . . . Robots Hacked . | . . . . Non-combat . | . . . . Combat . | . . . . Robot Hacks Applied . | . . . . Relay Couplers Released . | . . . . Fabnet Peak Effective % . | . . . . Robots Rewired . | . . . . Allies Hacked . | . . . . Hacks Repelled . | . . . . Allies | -11 -10 -10 -9 -------- Run | Yrd Mat Sub Scr Total Allies . | . . . . Largest Group . | . . . . Highest-Rated Group . | . . . . Highest-Rated Ally . | . . . . Total Orders . | . . . . Ally Attacks . | . . . . Total Damage . | . . . . Kills . | . . . . Allies Corrupted . | . . . . Allies Melted 19 | . . . 19 Intel | -11 -10 -10 -9 ------- Run | Yrd Mat Sub Scr Active Infowar (turns) 797 | 17 497 110 173 Seismic 790 | 17 497 110 166 Cloaking 2 | . . . 2 Jamming 5 | . . . 5 Robot Analysis Total 4 | . . . 4 Derelict Logs Recovered . | . . . . Drone Launches . | . . . . Drone Recoveries . | . . . . Exploration | -11 -10 -10 -9 ------------- Run | Yrd Mat Sub Scr Turns Passed 2610 | 83 497 110 1920 Spaces Moved 2144 | 64 449 107 1524 Core 18 | 10 . . 8 Treads 29 | . . . 29 Legs 669 | . . . 669 Wheels 1428 | 54 449 107 818 Hover . | . . . . Flight . | . . . . Fastest Speed 50 | 50 100 100 95 Average Speed 105 | 92 100 100 107 Slowest Speed 550 | 100 100 100 550 Overloaded Moves . | . . . . Propulsion Burnouts . | . . . . Robots Hopped . | . . . . Potential Cave-ins . | . . . . Cave-ins Triggered . | . . . . Exploration Rate (%) 37 | 4 54 8 82 Regions Visited 3 Branch Regions 2 Pre-discovered Areas . | . . . . Known Exits Taken . | . . . . Unknown Exits Taken 3 | 1 1 1 . Scrap Searched 10 | . . . 10 Spaces Dug 1 | . 1 . . Terrain Destroyed 65 | . 33 . 32 Melee 1 | . 1 . . Projectile 32 | . . . 32 AOE 32 | . 32 . . Terrain Rammed . | . . . . Walls Destroyed . | . . . . Machines Disabled . | . . . . Actions | -11 -10 -10 -9 --------- Run | Yrd Mat Sub Scr Total 2415 | 80 475 110 1750 Wait 64 | . 1 . 63 Move 2141 | 63 448 106 1524 Hop . | . . . . Pick Up 35 | 6 8 1 20 Fast Attach 45 | 3 . 1 41 Attach 10 | 4 . . 6 Detach . | . . . . Swap 8 | . 5 . 3 Drop 63 | . 2 2 59 Fire 42 | 3 5 . 34 Melee 5 | . 5 . . Ram 2 | 1 1 . . Kick . | . . . . Crush . | . . . . Escape Stasis . | . . . . Rewire . | . . . . Trap . | . . . . Miscellaneous . | . . . . Route ------- -11/Scrapyard -10/Materials (discovered 3 exits: [*Mat] / [*Min] / [*Sub]) -10/Subcaves -9/Scraptown History --------- Turn | Location | Event 23 | -11/Scrapyard | Discovered new exit (range 16) 84 | -11/Scrapyard | Entered Materials 171 | -10/Materials | Discovered new exit (range 13) 308 | -10/Materials | Discovered new exit (range 12) 318 | -10/Materials | Build established: Mutant 568 | -10/Materials | Discovered new exit (range 13) 581 | -10/Materials | Entered Subcaves 582 | -10/Subcaves | Approached by a straggling Scientist 585 | -10/Subcaves | Shifting Twisted Machinery released Riot Gun 588 | -10/Subcaves | Shifting Twisted Machinery released Sub. Beam Cannon 656 | -10/Subcaves | Scientist uncovered a shortcut to Scraptown 691 | -10/Subcaves | Entered Scraptown 960 | -9/Scraptown | Visited TADAMA 980 | -9/Scraptown | Visited Comm Corps 1025 | -9/Scraptown | Visited SPCMW 1051 | -9/Scraptown | Visited Shadow of the Wyrm 1067 | -9/Scraptown | Visited Bundlers 1171 | -9/Scraptown | Visited IN-MT5's Study 1201 | -9/Scraptown | Visited UFD Registry 1202 | -9/Scraptown | Registered with UFD as "Metalbank" 1236 | -9/Scraptown | Visited Analyses Database 1260 | -9/Scraptown | Visited Curators Association 1302 | -9/Scraptown | Visited DA-N13 Charitable Foundation 1308 | -9/Scraptown | Found DCF Scrap (31 items) 1434 | -9/Scraptown | Visited Junk Cannon Lab 1444 | -9/Scraptown | Found Prototype Special Weapon 1444 | -9/Scraptown | Identified Junk Cannon 1477 | -9/Scraptown | Visited Scrap Suit Storage 1496 | -9/Scraptown | Found Scrap Suit 1542 | -9/Scraptown | Visited Derelict Rescue Squad 1576 | -9/Scraptown | Met Optimus 1576 | -9/Scraptown | Accepted into 0bPrime 1630 | -9/Scraptown | Visited Junk Repository 1637 | -9/Scraptown | Civil war broke out across Scraptown 1696 | -9/Scraptown | Lost 9 allies 1784 | -9/Scraptown | Optimus destroyed in the chaos of civil war 1801 | -9/Scraptown | Build established: Scrapper 1807 | -9/Scraptown | Visited Science Guys 1824 | -9/Scraptown | Lost 5 allies 1900 | -9/Scraptown | Lost 3 allies 1957 | -9/Scraptown | Visited Scrapoid Research Area 2043 | -9/Scraptown | Lost 7 allies 2093 | -9/Scraptown | Visited Infowarlord's Domain 2102 | -9/Scraptown | Found Spectral Analyzer 2115 | -9/Scraptown | Lost 7 allies 2189 | -9/Scraptown | Lost 3 allies 2345 | -9/Scraptown | Build established: Scavenger-Scrapper 2432 | -9/Scraptown | Lost 4 allies 2576 | -9/Scraptown | Lost 5 allies 2589 | -9/Scraptown | Core integrity fell below 50% 2609 | -9/Scraptown | Core integrity fell below 20% 2611 | -9/Scraptown | Destroyed by NK-61I(j) with Overtuned Pulse Rifle Last Messages --------------- 02594_ 33-40W(j) heat short circuits Ovr. Titanium Leg. 02597_ 33-40W(j) cannibalizes Ovr. Titanium Leg to repair Ovr. Titanium Leg. 02598_ Penetrated by Bolt. 02600_ 65-VAE(j) cannibalizes Aluminum Leg to repair Broken Ovr. Titanium Leg. 02601_ NK-61I(j) heat spikes uncontrollably. 02603_ 22-IEG(g) destroyed. 02604_ CU-O8N(j) cannibalizes Ovr. Titanium Leg to repair Ovr. Titanium Leg. 02605_ Acquired 9 matter. 02605_ CU-O8N(j) cannibalizes Imp. Deuterium Engine to repair Lgt. Deuterium Engine. 02607_ Magnetic Acceleration Cannon destroyed. 02607_ Penetrated by Bolt. 02608_ Acquired 3 matter. 02610_ Exp. Power Shielding destroyed. 02610_ Penetrated by Bolt. [Achievement: Deductive Reasoning] Map ----- +----------------------------------------------------+ | "#?????#" # "# # =%[[ | | "#?????#" + "# #*%!!%################# | | "#?????#" #" "# !=!%==#???????????????# | | "#?????#" #" # #[[%*=#???????????????# | | "#?????#" ##### #%%!%!#???????????????# | | ""#?????#" """ " %==%==#???????????????# %! | | ###?????#" #!*/*%#???????????????# %== ! %! | | ###?????#"""""""" #==[!=#???????????????" ! =%!% | | ""#?????###########%=!!!#?########??????" == ! | | "#?????###%##%###!%!=[*#?# # # ??????# ! =%=! | | "#?????# !*!%=#!%=%[=## " " ##?????# %= [%% | | "#????# """"=!%[!=%%*[##"= "#?????#= !=**!!! | | "#????# "" *!""![!=!%!##%*=! #????##%*==%!!!% | | ""#????# " [! "!*%!%*!##!%*!%!= #????#!!=%%=%[[= | | ""#????# " "%#[[= %##=%[!![*!####??#[[%!!!==! | | ""#????# " "[#=*!=*#"![==%%==##!##?#=%=%==%!= | | ""?????# " "%==%*%!##%=!%[*!=/!#/###!==%[[==% | | ???????# "" "" #!=%==##[!%[##&#%==#%##![%[%![[& | | ###????# """""" #!!%![[=[=%*[%*%=!%!/%=!!=%=[*=! | | ""#?????# ##%![!=!!=%!!!!!!!!%![%==[!!%[=%= | | "#?????###########=%![==!=!%%!![%[!=!!=![%*[*[%!* | | "#?????????###??#!%=[*==%*!!**!%=!%[**!=%=%*%!!* | | "#????????##;####% !=!!=!=!==[[*=[=!=!%!!=%![=[* | | "#?###??###;*!*[=%%=!%!=[=!!%!=%[![==/=!*!![*!= [ | | !"#?#*#??# ;=![%h! j!!%*[=%!%!=!=**![[j%%%=[![ %! | | ="###%###"=;;!=%% %j[%![!@*!![!x[!j=g%!*[[=!%!%* % | | !%!!%%![%![!!!%!;;##########%%=[###########%##!!!= | | =!! !%[!%%%!%==!=## !!%!=!##??# =!==##[%= | | !%"%"!%!**#"#=!=!## !====%*=#???#" !"""## =! | | *"##"=!=="###=%[###""]=!![[!=!"#???#" " ##! % | | ["##""!=["#?#=[=#?#"%]%*!=!!%/%#???#"" " ##! = | | ="##"=!!="#?#[%=*##""!=!!%!== "#???#""" " #" % | | "##"$!%! #?#![%### ! =%[%/="#???#"" " ## = | | "##" == #?#=!*#?#"" !!!%["#???#" "####! | | ?"##""""""#?#=%=#?#" ==!""#???#" " "??#% | | ??#########?#!!!#?#"" *[= #???#"""""""#??#!! | | ##??#####???#%%*[?######" #???#########??#*%[ | | ""#?#"""#???#!!=#?# =! # "#??????????????# =! | | "#?#" "#???!%=![?# ! ![ /! #???############![ | | "#?# #???#![[#?# = #"]" "#???#"""""""""""!%= | | "#?# #####%%!#?#! [ #""" ""#???#""""" """"" | | "??# [!!####################"" | | "??# #???????????# *%! | | "??# ##????????#### ##### " " "" " | | "??##### ### ##?????????#" " "##?#"""""""""" | | "??????# #?###??????????#" "#?#"""""""""""!![ | | "####### ######?????????#" "#?###########"*%! | | "##""""" """""#??????""?#" "#?####""#"####[= | | "##""" " " "#????? ""?#" !"#?"""" =%= ""# | | ""##" [! "#???"" ""##"|=% "#?""| **[& "# | +----------------------------------------------------+ Best States ------------- Heat Dissipation 25 Energy Generation 29 Energy Capacity 340 Matter Stores 300 Matter Capacity 300 Sight Range 16 Terrain Scan Density 10 Jamming Range 12 Armor Coverage 100 Resistance: EM 25 Power Shielding 90 Evasion (%) 55 Recoil Reduction 2 Item Schematics ----------------- None Robot Schematics ------------------ None Fabricated ------------ Nothing Repaired ---------- Nothing Studied --------- None Alien Tech Used ----------------- None Achievements -------------- Civilization 2243 Deductive Reasoning Link The Feds Nice Directions, Buddy Challenges ------------ None Game ------ Seed BoreSuspensionCleaver Manual? 0 Play Time 01:18:58 Cumulative 17.2 hours Start 2026.04.11 @ 13:01:46 End 2026.04.11 @ 14:37:48 Sessions 1 Manual Loads 0 Difficulty Rogue Special Mode None Game No. 13 Rogue 9 Adventurer 4 Explorer 0 Win Type - Total 0 Types 0/0/0/0/0/0/0/0/0/0 Lore% 14 Gallery% 15 Achievement% 13 Wizard Run 0 Options --------- Layout 1 ASCII 0 Keyboard 0 Movement Mouse Keybinds 0 Fullscreen 2 Font 24/Smallcaps Map View 50x35 Zoom Use 0% Tactical HUD 1 Map Filters NONE Filters NONE Steam 1 RUN: e061f914-4f9a-47fe-8dbb-66505e75fc2e